Map: Sito di ricerca JD-2

Players

atreides

  • Race: Terran Terran
  • Spawn Location: 3:00

Mat

  • Race: Terran Terran
  • Spawn Location: 12:00

ViciousDav

  • Race: Terran Terran
  • Spawn Location: 1:00

leclod

  • Race: Terran Terran
  • Spawn Location: 12:00

Jhyrachy

  • Race: Zerg Zerg
  • League: Gold
  • Spawn Location: 7:00

AndreasHorn

  • Race: Terran Terran
  • Spawn Location: 7:00

Tibi

  • Race: Zerg Zerg
  • Spawn Location: 6:00

TOMAZI

  • Race: Protoss Protoss
  • League: Silver
  • Spawn Location: 6:00

VOD

Have the link to the VOD?

Description

Time

  • Played on: April 13, 2016, 3:05 p.m.
  • Length: 8:31
Show
View Real Time Build Order
Export as new Build Order

atreides Terran 

Build Orders: MMM Bio 

Get SALT Encoding   

  12  0:08  SCV  
  13  0:20  SCV  
  14  0:32  SCV  
  15  0:50  Supply Depot  
  15  1:11  SCV  
  15  1:14  Barracks  
  16  1:22  Barracks  
  16  1:24  SCV  
  17  1:37  SCV  
  18  1:49  SCV  
  18  1:52  Command Center  
  19  1:56  Barracks  
  19  2:01  SCV  
  20  2:11  Refinery  
  20  2:14  Refinery, SCV  
  21  2:19  Marine  
  22  2:26  SCV  
  23  2:47  Engineering Bay  
  23  2:49  Supply Depot  
  23  2:56  Orbital Command  
  23  3:03  Marine  
  24  3:07  Marine  
  24  3:11  Marine, Supply Depot  
  28  3:29  Marine, Barracks Tech Lab  
  27  3:38  Barracks Reactor  
  27  3:39  Terran Infantry Weapons Level 1  
  27  3:47  Marine  
  28  3:52  Marine  
  29  3:58  SCV  
  29  4:01  Combat Shields  
  30  4:04  Marine  
  31  4:10  Marine, SCV  
  33  4:22  Marine, SCV  
  33  4:23  Marine x2  
  37  4:27  Marine  
  37  4:28  SCV  
  39  4:34  Supply Depot, SCV  
  40  4:40  Marine x2, SCV  
  40  4:41  Marine  
  44  4:45  Marine  
  44  4:52  SCV  
  46  4:56  Supply Depot  
  46  4:58  Marine x2  
  48  5:03  Marine x2  
  48  5:04  SCV  
  48  5:16  Marine x2  
  48  5:17  SCV  
  48  5:21  Marine x2  
  53  5:33  Marine  
  53  5:34  Marine  
  53  5:35  Stimpack  
  53  5:36  Terran Infantry Armor Level 1  
  53  5:38  Marine, SCV  
  53  5:39  Marine  
  56  5:46  Supply Depot, Factory  
  56  5:50  SCV  
  56  5:51  Marine  
  56  5:52  Marine  
  56  5:56  Marine  
  56  5:57  Marine  
  61  6:09  Marine, Supply Depot  
  52  6:25  Marine x3  
  53  6:29  Marine  
  53  6:31  Supply Depot  
  56  6:36  Factory Tech Lab  
  56  6:40  Factory  
  56  6:43  Marine x3  
  56  6:46  Marine  
  59  6:48  SCV  
  59  6:57  Supply Depot  
  59  7:00  SCV  
  59  7:01  Marine x3  
  60  7:04  Marine  
  63  7:12  SCV  
  64  7:22  Marine  
  65  7:25  SCV  
  66  7:37  Refinery, SCV  
  67  7:40  Marine  
  67  7:42  Refinery  
  65  7:48  Armory  
  65  7:49  SCV  
  54  8:01  SCV  
  51  8:13  SCV  
  52  8:25  Factory Tech Lab  
  52  8:27  Factory  
Show
View Real Time Build Order
Export as new Build Order

Mat Terran 

Build Orders:  

Get SALT Encoding   

  12  0:03  SCV  
  13  0:15  SCV  
  14  0:24  Supply Depot  
  14  0:30  SCV  
  15  0:45  SCV  
  15  0:48  Barracks  
  16  1:06  Barracks  
  16  1:15  SCV  
  17  1:19  Refinery  
  17  1:24  Refinery  
  17  1:27  SCV  
  18  1:44  SCV  
  19  1:56  SCV  
  19  1:59  Barracks  
  19  2:00  Marine x2  
  22  2:07  Supply Depot  
  22  2:18  Marine  
  22  2:22  Barracks Tech Lab  
  23  2:29  Supply Depot  
  23  2:41  Marine  
  23  2:43  Combat Shields  
  24  2:44  Barracks Reactor  
  24  2:47  Barracks Reactor  
  24  2:52  Engineering Bay  
  24  2:54  Supply Depot  
  24  2:59  Marine  
  25  3:16  SCV  
  25  3:17  Marine  
  27  3:25  Marine  
  27  3:26  Marine  
  29  3:28  SCV  
  30  3:40  Marine x3, SCV  
  34  3:43  Marine  
  34  3:47  Marine  
  36  3:55  Supply Depot  
  36  3:58  Marine  
  37  4:21  Marine  
  37  4:22  Marine x4  
  36  4:39  Marine  
  36  4:40  Marine x3  
  36  4:41  Marine  
  41  4:57  Marine  
  42  5:19  Marine x4  
  42  5:20  Marine  
  47  5:22  Terran Infantry Weapons Level 1  
  47  5:26  Supply Depot  
  47  5:37  Marine x3  
  50  6:06  Marine x2  
  50  6:07  Marine x3  
  55  6:24  Marine x3  
  58  6:28  Marine  
  58  6:29  Marine  
  59  6:42  Marine x3  
  59  6:46  Marine x2  
  63  8:06  Supply Depot  
  63  8:13  Factory  
Show
View Real Time Build Order
Export as new Build Order

ViciousDav Terran 

Build Orders:  

Get SALT Encoding   

  12  0:01  SCV  
  13  0:13  SCV  
  14  0:22  Supply Depot  
  14  0:25  SCV  
  15  0:44  SCV, Supply Depot  
  16  0:54  Barracks  
  16  1:03  SCV  
  17  1:08  Barracks  
  17  1:19  Barracks  
  17  1:23  SCV  
  18  1:35  SCV  
  19  1:41  Marine  
  19  1:45  Barracks  
  20  1:47  SCV  
  21  1:55  Marine  
  21  1:59  Marine, SCV  
  24  2:08  Marine, Barracks  
  25  2:11  SCV  
  25  2:13  Marine  
  27  2:19  Marine  
  28  2:26  Marine  
  29  2:30  SCV  
  29  2:31  Marine  
  29  2:35  Supply Depot  
  29  2:37  Supply Depot  
  31  2:47  Supply Depot  
  31  2:57  Marine x3, SCV  
  35  3:01  Marine x2  
  37  3:07  Refinery  
  37  3:14  Marine x3  
  40  3:21  Marine x2  
  42  3:32  Marine x3  
  45  3:38  Marine  
  46  3:41  Orbital Command  
  40  4:39  Marine x5  
  45  4:57  Marine x5  
  48  5:14  Marine x2  
  48  5:15  Marine x3  
  42  5:33  Marine x4  
  42  5:34  Marine  
  44  5:48  SCV  
  44  5:49  Command Center  
  45  5:51  Marine x5  
  45  5:55  Supply Depot  
  50  6:00  SCV, Engineering Bay  
  51  6:09  Marine x4  
  55  6:14  Marine  
  55  6:15  SCV  
  55  6:18  Refinery  
  47  6:26  Marine  
  47  6:27  Marine x3, SCV  
  47  6:32  Marine  
  53  6:34  Missile Turret  
  53  6:38  Missile Turret  
  53  6:39  SCV  
  54  6:44  Marine x2  
  54  6:45  Marine x2  
  58  6:50  Marine  
  58  6:51  SCV  
  60  7:02  Marine x4  
  60  7:03  Missile Turret x2, SCV  
  60  7:08  Marine  
  66  7:20  Marine x4  
  70  7:25  Marine  
  70  7:28  SCV  
  71  7:36  Barracks  
  62  7:38  Marine x4  
  62  7:40  SCV  
  62  7:43  Marine  
  67  7:52  SCV  
  67  7:55  Marine  
  67  7:56  Marine x3  
  72  8:04  SCV  
  66  8:26  Missile Turret  
Show
View Real Time Build Order
Export as new Build Order

leclod Terran 

Build Orders:  

Get SALT Encoding   

  12  0:01  SCV  
  13  0:13  SCV  
  14  0:25  Supply Depot  
  14  0:57  Barracks  
  14  1:05  SCV  
  14  1:07  Barracks  
  15  1:17  Supply Depot, SCV  
  16  1:29  SCV  
  17  1:41  SCV  
  17  1:42  Barracks  
  17  1:44  Marine  
  19  1:53  SCV  
  20  1:55  Marine  
  21  2:01  Marine  
  22  2:13  Marine  
  23  2:19  Marine  
  24  2:30  Marine  
  24  2:35  Refinery  
  24  2:36  Engineering Bay  
  25  2:37  Marine  
  26  2:48  Marine  
  27  2:53  Marine  
  27  2:55  Marine  
  29  3:05  Refinery  
  29  3:06  Marine  
  31  3:21  Marine  
  31  3:27  Supply Depot  
  31  3:32  Missile Turret  
  31  3:39  Barracks Reactor  
  31  3:40  Command Center  
  31  3:48  Marine x2  
  31  3:50  Supply Depot  
  33  4:04  Missile Turret  
  33  4:06  Marine x2  
  35  4:24  Marine x2  
  27  4:34  Marine x2  
  29  4:42  Marine x2  
  31  4:52  Marine x2  
  33  4:53  SCV  
  33  4:59  Marine x2  
  34  5:05  SCV  
  37  5:10  Marine  
  38  5:17  SCV  
  39  5:23  Marine x2  
  39  5:24  Marine  
  39  5:27  Marine  
  43  5:29  SCV  
  43  5:41  Marine x3, SCV  
  46  5:45  Marine  
  43  6:18  Marine  
  43  6:19  Marine x3  
  45  6:36  Marine x3  
  45  6:37  Marine  
  45  6:54  Marine x4  
  49  7:12  Marine x4  
  50  7:30  Marine x4  
  47  7:47  Marine  
  47  7:48  Marine  
  51  7:52  Barracks Reactor  
  51  7:54  Barracks Tech Lab  
  48  8:00  Factory  
  48  8:05  Marine x2  
Show
View Real Time Build Order
Export as new Build Order

Jhyrachy Zerg 

Build Orders: Pool First 

Get SALT Encoding   

  12  0:09  Drone x2  
  14  0:27  Overlord  
  14  0:44  Spawning Pool  
  14  0:47  Extractor, Drone x2  
  14  0:53  Overlord  
  14  0:59  Drone  
  15  1:13  Drone  
  16  1:23  Drone  
  17  1:31  Queen  
  19  1:33  Drone  
  20  1:49  Drone  
  21  1:57  Metabolic Boost  
  21  2:04  Overlord  
  21  2:06  Queen  
  23  2:16  Drone x2  
  23  2:20  Extractor  
  24  2:40  Roach Warren  
  23  2:52  Drone x3  
  26  3:00  Queen  
  28  3:29  Zergling x4  
  28  3:32  Drone x2  
  32  3:48  Hatchery  
  30  4:05  Roach x4  
  17  5:19  Drone  
  17  5:20  Drone x3  
  21  5:40  Spawning Pool  
  20  6:11  Roach  
  20  6:14  Overlord x2  
  22  7:29  Drone x3  
  25  7:30  Queen  
  27  7:42  Spine Crawler x2  
  27  7:43  Spine Crawler  
  19  7:45  Spine Crawler  
  19  7:47  Spine Crawler  
  3  8:21  Spine Crawler  
Show
View Real Time Build Order
Export as new Build Order

AndreasHorn Terran 

Build Orders:  

Get SALT Encoding   

  12  0:38  Command Center  
  12  0:41  SCV  
  13  1:23  SCV  
  14  1:37  Supply Depot, SCV  
  15  1:42  Command Center  
  15  1:52  SCV  
  16  2:04  Refinery  
  16  2:05  SCV  
  17  2:25  Barracks  
  17  2:28  Refinery, SCV  
  18  2:30  Refinery  
  18  2:36  SCV  
  19  2:40  SCV  
  20  2:48  SCV  
  21  2:56  SCV  
  21  2:57  Refinery  
  22  3:06  SCV  
  22  3:08  SCV  
  22  3:11  Refinery  
  24  3:18  SCV  
  25  3:20  Refinery  
  25  3:21  SCV  
  26  3:30  SCV  
  26  3:34  SCV  
  28  3:35  Barracks Reactor  
  28  3:42  SCV  
  28  3:46  SCV, Factory  
  30  3:55  SCV  
  31  3:58  SCV  
  32  4:07  SCV  
  33  4:10  SCV  
  34  4:20  SCV  
  34  4:21  SCV  
  34  4:22  SCV  
  37  4:32  SCV  
  37  4:33  SCV  
  39  4:39  Marine x2  
  39  4:42  Factory Tech Lab  
  39  4:44  SCV  
  39  4:45  SCV  
  43  4:53  Engineering Bay  
  43  4:56  SCV  
  43  4:57  SCV  
  35  5:09  SCV  
  36  5:16  Engineering Bay  
  36  5:17  Supply Depot  
  35  5:21  SCV  
  36  5:37  Engineering Bay  
  36  5:38  Supply Depot  
  36  5:44  Planetary Fortress  
  35  5:55  Barracks  
  35  5:58  Engineering Bay  
  35  6:09  Barracks  
  35  6:21  SCV  
  36  6:33  SCV  
  36  6:38  Supply Depot  
  37  6:44  Barracks Reactor  
  37  6:45  SCV  
  38  6:58  SCV  
  39  7:05  Barracks Reactor  
  39  7:07  Command Center  
  39  7:10  SCV  
  39  7:11  Factory  
  40  7:22  SCV  
  39  7:34  SCV  
  13  8:11  Marine  
  13  8:12  Marine  
  14  8:18  SCV  
Show
View Real Time Build Order
Export as new Build Order

Tibi Zerg 

Build Orders: Hatch First, Zergling Baneling 

Get SALT Encoding   

  12  0:05  Drone  
  13  0:19  Drone  
  14  0:47  Hatchery  
  13  0:57  Spawning Pool  
  13  0:58  Drone  
  13  1:06  Overlord  
  13  1:15  Overlord  
  13  1:23  Drone  
  14  1:28  Extractor  
  13  1:33  Drone x2  
  15  1:53  Queen  
  17  1:59  Queen  
  19  2:04  Drone x2  
  21  2:17  Baneling Nest  
  21  2:20  Drone  
  21  2:21  Drone  
  22  2:25  Drone  
  23  2:30  Drone  
  24  2:44  Drone  
  24  2:45  Drone x3  
  28  3:08  Zergling x2  
  28  3:09  Zergling x8  
  28  3:12  Lair  
  33  3:17  Drone x2  
  33  3:18  Drone  
  36  3:26  Extractor  
  35  3:29  Baneling  
  35  3:30  Baneling x3  
  35  3:36  Drone  
  36  3:43  Overlord x2  
  36  3:51  Overlord  
  36  3:58  Baneling x3  
  36  4:01  Baneling  
  36  4:05  Baneling  
  31  4:27  Zergling x18  
  40  4:46  Centrifical Hooks  
  40  4:49  Baneling x3  
  40  4:52  Baneling  
  40  4:58  Baneling  
  38  5:17  Baneling x4  
  38  5:19  Baneling  
  31  5:38  Zergling x26  
  31  5:39  Zergling x10  
  49  5:58  Baneling  
  49  5:59  Baneling x6  
  49  6:00  Baneling x2  
  23  6:27  Zergling x4  
  23  6:28  Zergling x6  
Show
View Real Time Build Order
Export as new Build Order

TOMAZI Protoss 

Build Orders:  

Get SALT Encoding   

  12  0:19  Probe (Chrono Boost)  
  13  0:29  Probe (Chrono Boost)  
  13  0:30  Pylon  
  14  0:40  Probe (Chrono Boost)  
  15  0:50  Probe (Chrono Boost)  
  16  1:06  Probe (Chrono Boost)  
  16  1:09  Nexus  
  17  1:17  Assimilator, Probe (Chrono Boost)  
  18  1:22  Assimilator  
  18  1:28  Probe (Chrono Boost)  
  19  1:34  Gateway  
  19  1:39  Pylon  
  19  2:37  Zealot  
  19  2:42  Gateway  
  21  2:46  Forge  
  21  2:48  Cybernetics Core  
  21  2:54  Assimilator  
  21  2:57  Probe (Chrono Boost)  
  22  2:58  Assimilator  
  22  3:04  Zealot  
  24  3:07  Probe (Chrono Boost), Pylon  
  25  3:13  Probe (Chrono Boost)  
  25  3:18  Probe (Chrono Boost)  
  27  3:21  Pylon  
  27  3:24  Probe (Chrono Boost)  
  28  3:28  Probe (Chrono Boost), Pylon  
  29  3:34  Probe (Chrono Boost)  
  29  3:39  Probe (Chrono Boost)  
  31  3:45  Probe (Chrono Boost), Pylon  
  31  3:48  Photon Cannon  
  33  3:55  Probe (Chrono Boost)  
  33  3:57  Pylon  
  33  4:04  Photon Cannon  
  33  4:10  Photon Cannon  
  33  4:12  Probe (Chrono Boost)  
  34  4:23  Probe (Chrono Boost)  
  35  4:25  Zealot x2  
  39  4:33  Stargate  
  39  4:34  Probe (Chrono Boost)  
  39  4:37  Stargate  
  40  4:51  Probe (Chrono Boost)  
  41  5:02  Probe (Chrono Boost)  
  41  5:04  Zealot  
  41  5:05  Zealot  
  46  5:12  Probe (Chrono Boost)  
  43  5:23  Probe (Chrono Boost)  
  40  6:00  Zealot x2  
  29  6:11  Probe (Chrono Boost)  
  23  6:22  Probe (Chrono Boost)  
  23  6:32  Probe (Chrono Boost)  
  21  6:43  Probe (Chrono Boost)  
  22  6:53  Probe (Chrono Boost)  
Tags
 
Add a new tag
Caveats
  • Supply blocks, unpowered buildings, or Contaminate may cause inaccurate times.
  • Supply counts are checked every 10 seconds.